 Dungeon Crawl Stone Soup version 0.28.0-43-g3370ac3207 (webtiles) character file.

Game seed: 16937582348072528850

14 tizbic2 the Skirmisher (level 2, -2/26 HPs)
             Began as a Draconian Fighter on Mar 27, 2022.
             Engulfed by a cloud of flame (12 damage)
             ... on level 1 of the Dungeon.
             The game lasted 00:01:03 (248 turns).

tizbic2 the Skirmisher (Draconian Fighter)           Turns: 248, Time: 00:01:03

Health: -2/26      AC:  4    Str: 18    XL:     2   Next: 27%
Magic:  2/2        EV: 12    Int:  8    God:
Gold:   15         SH:  4    Dex: 10    Spells: 1/1 levels left

rFire   . . .      SeeInvis .   a - +0 war axe
rCold   . . .      Faith    .   b - +0 buckler
rNeg    . . .      Spirit   .   (armour unavailable)
rPois   .          Reflect  .   (helmet restricted)
rElec   .          Harm     .   (no cloak)
rCorr   .          Rampage  .   (no gloves)
Will    .....                   (no boots)
Stlth   +.........              (no amulet)
HPRegen 0.08/turn               (no ring)
MPRegen 0.08/turn               (no ring)

@: no status effects
A: AC +4, unfitting armour, cold-blooded
a: no special abilities


You were on level 1 of the Dungeon.
You visited 1 branch of the dungeon, and saw 1 of its levels.

You collected 15 gold pieces.

Inventory:

Hand Weapons
 a - a +0 war axe (weapon)
Armour
 b - a +0 buckler (worn)
Potions
 c - a potion of might


   Skills:
 + Level 3.4 Fighting
 * Level 2.4 Axes
 + Level 2.8 Dodging
 * Level 3.2 Shields


You had one spell level left.
You didn't know any spells.
Your spell library was empty.

Dungeon Overview and Level Annotations

Branches:
Dungeon (1/15)

Altars:


Innate Abilities, Weirdness & Mutations

Your plain brown scales are hard. (AC +4)
You cannot fit into any form of body armour.
You are cold-blooded and may be slowed by cold attacks.


Message History

You miss the bat. The bat closely misses you. The quokka closely misses you. x2
You hit the bat.
You kill the bat!
You closely miss the quokka.
The quokka bites you but does no damage.
The quokka misses you.
You barely miss the quokka.
The quokka is severely wounded.
You block the quokka's attack.
You miss the quokka.
The quokka is severely wounded.
The quokka bites you. x2
You barely miss the quokka.
Your tail-slap misses the quokka.
The quokka is severely wounded.
The quokka bites you but does no damage.
The quokka barely misses you.
You hit the quokka.
You kill the quokka!
You start resting.
HP restored.
An endoplasm comes into view.
A hobgoblin comes into view.
You hit the endoplasm.
The endoplasm is heavily wounded.
The hobgoblin shouts!
The endoplasm freezes you.
You are frozen.
You slash the endoplasm!
You kill the endoplasm!
A frilled lizard comes into view.
The hobgoblin is engulfed in blazing flames.
The hobgoblin dies!
The frilled lizard hisses angrily.
You hit the frilled lizard.
You kill the frilled lizard!
Really walk into a travel-excluded area?
You are engulfed in blazing flames.
Ouch! That really hurt!
You are engulfed in blazing flames.
You die...

..............#
...........##.#
...........##.#
........... #.#
......##.###.########
.......#...........^#
#...#####..####.
#○§§# #.....#.# #@○☼#
#........ #§☼§#
#..#######
#...#####.........
°§...)...§..........
☼.!...§○○...#######
.☼.?!..§.§...#
###...#####..# #..§#
#..# #°○§# #..#


There were no monsters in sight!

Vanquished Creatures
  2 endoplasms (D:1)
  4 jackals (D:1)
  A quokka (D:1)
  2 bats (D:1)
  A frilled lizard (D:1)
  A goblin (D:1)
  2 rats (D:1)
13 creatures vanquished.

Vanquished Creatures (others)
  A bat (D:1)
  An endoplasm (D:1)
  A hobgoblin (D:1)
  A rat (D:1)
4 creatures vanquished.

Grand Total: 17 creatures vanquished

Notes
Turn   | Place    | Note
-------+----------+-------------------------------------------
     0 | D:1      | tizbic2 the Draconian Fighter began the quest for the Orb.
     0 | D:1      | Reached XP level 1. HP: 19/19 MP: 1/1
    73 | D:1      | Reached XP level 2. HP: 21/26 MP: 2/2
   248 | D:1      | Engulfed by a cloud of flame

Illustrated notes

Levels and vault maps discovered:
D:1:      sevenhm_arrival_forest_fort_small_4, layout_basic,
          kennysheep_small_spiral, lemuel_flame_loot_1

Action                   || total
-------------------------++-------
Melee: War axe           ||    30
       Tailslap          ||     4
Armor: Skin              ||    14
Dodge: Dodged            ||    29
Block: Buckler           ||    12
